 Dungeon Crawl Stone Soup version 0.21-a0-583-g2c32b0fbb7 (webtiles) character file.

27 RKaid the Scratcher (level 2, -1/12 HPs)
             Began as a Felid Transmuter on Dec 20, 2017.
             Killed from afar by Natasha (7 damage)
             ... with a magic dart
             ... on level 2 of the Dungeon.
             The game lasted 00:03:01 (1257 turns).

RKaid the Scratcher (Felid Transmuter)              Turns: 1257, Time: 00:03:02

Health: -1/12      AC:  1    Str:  9    XL:     2   Next: 93%
Magic:  2/6        EV: 18    Int: 14    God:
Gold:   69         SH:  0    Dex: 16    Spells: 2/5 levels left
                                        Lives:  0   Deaths: 0

rFire    . . .     SeeInvis +     - Unarmed
rCold    . . .     Gourm    .   (shield unavailable)
rNeg     . . .     Faith    .   (armour unavailable)
rPois    .         Spirit   .   (helmet unavailable)
rElec    .         Reflect  .   (cloak unavailable)
rCorr    .         Harm     .   (gloves unavailable)
MR       .....                  (boots unavailable)
Stlth    ++........             (no amulet)
HPRegen  0.04/turn              g - +3 ring of strength
MPRegen  0.10/turn              (no ring)

@: quick
A: very small, no armour, no weapons or thrown items, stealth, claws 1, fangs 3,
see invisible, carnivore, speed 1, shaggy fur 1, slow metabolism 1, sharp paws
a: no special abilities


You were on level 2 of the Dungeon.
You were completely stuffed.

You visited 1 branch of the dungeon, and saw 2 of its levels.

You collected 69 gold pieces.

Inventory:

Missiles
 a - 10 arrows
Jewellery
 g - a +3 ring of strength (left paw)
   (You found it on level 1 of the Dungeon)
Scrolls
 d - a scroll of teleportation {unknown}
 f - a scroll of enchant weapon {unknown}
 h - a scroll of identify {unknown}
 j - 2 scrolls of fog {unknown}
Potions
 e - 2 potions of lignification {unknown}
 i - a potion of curing {unknown}
 k - a potion of resistance {unknown}
Books
 b - a book of Changes
Comestibles
 c - a ration


   Skills:
 + Level 1.2 Fighting
 - Level 2.6 Dodging
 + Level 1.2 Stealth
 * Level 3.4 Unarmed Combat
 + Level 2.1 Spellcasting
 * Level 2.8 Transmutations


You had 2 spell levels left.
You knew the following spells:

 Your Spells              Type           Power        Failure   Level  Hunger
a - Beastly Appendage     Tmut           #.....       8%          1    #......
b - Sticks to Snakes      Tmut           #.......     11%         2    ###....


Dungeon Overview and Level Annotations

Branches:
Dungeon (2/15)

Altars:
Gozag

Annotations:
D:2 Natasha, Sigmund, Terence


Innate Abilities, Weirdness & Mutations

You cannot wear armour.
You are incapable of wielding weapons or throwing items.
Your paws allow you to move quietly. (Stealth)
You have sharp claws.
You have razor-sharp teeth.
You have supernaturally acute eyesight. (SInv)
You are carnivorous and can eat meat at any time.
You cover ground quickly.
You are covered in fur. (AC +1)
You have a slow metabolism.
Your sharp claws are effective at attacking unaware monsters.


Message History

[Y]es or [N]o only, please.
Really walk into a travel-excluded area? [Y]es or [N]o only, please.
Really walk into a travel-excluded area? [Y]es or [N]o only, please.
Really walk into a travel-excluded area? [Y]es or [N]o only, please.
Really walk into a travel-excluded area? [Y]es or [N]o only, please.
Really walk into a travel-excluded area? [Y]es or [N]o only, please.
Really walk into a travel-excluded area? [Y]es or [N]o only, please.
Really walk into a travel-excluded area? [Y]es or [N]o only, please.
Really walk into a travel-excluded area? [Y]es or [N]o only, please.
Really walk into a travel-excluded area?
Okay, then.
There is a stone staircase leading up here.
You climb upwards.
There is a stone staircase leading down here.
Memorise Sticks to Snakes, consuming 2 spell levels and leaving 2?
You start memorising the spell.
You continue memorising. x2
You finish memorising.
Spell assigned to 'b'.
There is a stone staircase leading down here.
You climb downwards.
Level annotation: Sigmund, Terence
Found 2 scrolls labeled YDUBRE UREAPE and a ration.
Found an escape hatch in the ceiling.
There is a stone staircase leading up here.
j - 2 scrolls labeled YDUBRE UREAPE You open the door.
Put on which piece of jewellery? (? for menu, Esc to quit)
You feel stronger.
g - a +3 ring of strength (left paw)
A rat comes into view.
Casting: Beastly Appendage
Confirm with . or Enter, or press ? or * to list all spells.
You miscast Beastly Appendage.
You are very lightly contaminated with residual magic.
Nothing appears to happen.
The rat bites you but does no damage.
You barely miss the rat. The rat misses you.
You barely miss the rat.
The rat twitches its whiskers.
The rat barely misses you.
Casting: Beastly Appendage
Confirm with . or Enter, or press ? or * to list all spells.
You grow a pair of large bovine horns.
The rat misses you.
You scratch the rat but do no damage. The rat misses you.
You scratch the rat.
You kill the rat!
k - a blue potion Your transformation is almost over.
A dart slug comes into view.
You scratch the dart slug. You bite the dart slug. You scratch the dart slug.
The dart slug misses you.
You scratch the dart slug but do no damage.
You bite the dart slug.
You kill the dart slug!
Your magical contamination has completely faded away.
Unknown command.
Your horns disappear.
Found 2 gold pieces.
Found an opulent altar of Gozag.
You now have 65 gold pieces (gained 1).
You now have 66 gold pieces (gained 1).
You now have 67 gold pieces (gained 1).
You now have 68 gold pieces (gained 1).
You now have 69 gold pieces (gained 1).
Marking area around Natasha as unsafe for travelling.
Natasha, Servant of Life and Death comes into view.
Natasha hisses angrily.
Casting: Beastly Appendage
Confirm with . or Enter, or press ? or * to list all spells.
You create a snake!
You now have 11 arrows.
Natasha mumbles some strange words.
You feel disoriented. Natasha casts a spell at you. The magic dart hits you!
Ouch! That really hurt!
Natasha wildly gestures.
Natasha shimmers violently.
Natasha completely misses your ball python.
Your ball python closely misses Natasha.
Your ball python misses Natasha.
Natasha casts a spell at you. The magic dart hits your ball python.
Your ball python dies!
Casting: Sticks to Snakes
Confirm with . or Enter, or press ? or * to list all spells.
You create a snake!
You now have 10 arrows.
Your ball python bites Natasha but does no damage.
Your ball python grabs Natasha.
Your ball python constricts Natasha.
Natasha claws your ball python!
Your ball python dies!
Natasha stares at you and mumbles some strange words.
The magic dart hits you!
Ouch! That really hurt!
You die...

....#...#<#................. .
###.#.#.#.#.#............####..
#.#.#.#.#.#................
#.#.#.#.#.#..#####...###.####
#.#.#.#.#.#..#8..#...........
#.#.#.#.#'#..#_.......$.$....
#.#.#.#......#8..#...........
.#.#.#......#####...h.......
#<# #.......@........#..... ###
#................#.....
+................# ....
#................# ...
#................# ...
##########.......# #.......#
#########


You could see Natasha.

Vanquished Creatures
  4 dart slugs
  A giant cockroach (D:1)
  3 hobgoblins (D:1)
  3 kobolds
  A ball python (D:1)
  A bat (D:1)
  A frilled lizard (D:1)
  2 goblins (D:1)
  4 rats
20 creatures vanquished.

Notes
Turn   | Place    | Note
-------+----------+-------------------------------------------
     0 | D:1      | RKaid the Felid Transmuter began the quest for the Orb.
     0 | D:1      | Reached XP level 1. HP: 9/9 MP: 4/4
   219 | D:1      | Reached XP level 2. HP: 12/12 MP: 4/6
   404 | D:1      | Reached skill level 1 in Stealth
   923 | D:2      | Noticed Terence
  1089 | D:2      | Noticed Sigmund
  1162 | D:1      | Learned a level 2 spell: Sticks to Snakes
  1229 | D:2      | Found an opulent altar of Gozag.
  1246 | D:2      | Noticed Natasha
  1257 | D:2      | Killed from afar by Natasha

Vault maps used:
D:1:      elethiomel_arrival_fortress_basement, minmay_misc_feat_cross
D:2:      minmay_wonky_spiral, lemuel_zombie_altar_yredelemnul,
          grunt_gozag_breadcrumbs, lemuel_old_faithful, uniq_terence,
          uniq_sigmund, uniq_natasha

Skill      XL: |  1  2 |
---------------+-------+-----
Stealth        | 1 |  1.2
Fighting       | |  1.2
Dodging        | |  2.6
Unarmed Combat | |  3.4
Spellcasting   | |  2.1
Transmutations | |  2.8

Action                   || total
-------------------------++-------
Melee: Unarmed           ||    51
       Headbutt          ||     3
       Bite              ||     5
 Cast: Beastly Appendage ||    12
       Sticks to Snakes  ||     2
 Stab: Sleeping          ||     6
  Eat: Chunk             ||     8
Armor: Skin              ||     3
Dodge: Dodged            ||    32

Table legend:
 A = Spawn XP
 B = Non-spawn XP
 C = Spawn XP percentage of total XP
 D = Spawn monster count
 E = Non-spawn monster count
 F = Spawn count percentage of total count
 G = Total turns spent on level
                    A         B        C        D         E        F      G
               +---------+---------+-------+---------+---------+-------+---------
         Total |       0 |      39 |   0.0 |       0 |      20 |   0.0 |  1257
               +---------+---------+-------+---------+---------+-------+---------
           D:1 |       0 |      31 |   0.0 |       0 |      16 |   0.0 |   939
           D:2 |       0 |       8 |   0.0 |       0 |       4 |   0.0 |   318
               +---------+---------+-------+---------+---------+-------+---------

Table legend:
 A = Turns spent in this place as a percentage of turns spent in the entire game.
 B = Non-inter-level travel turns spent in this place as a percentage of non-inter-level travel turns spent in the entire game.
 C = Inter-level travel turns spent in this place as a percentage of turns spent in this place.
 D = Turns resting spent in this place as a percentage of non-inter-level travel turns spent in this place.
 E = Turns spent auto-exploring this place as a percentage of non-inter-level travel turns spent in this place.
 F = Non-inter-level travel turns spent in this place divided by the number of levels of this place that you've seen.
                   A       B       C       D       E      F
               +-------+-------+-------+-------+-------+----------------------
         Total | 100.0 | 100.0 |   3.9 |  33.6 |  38.5 | 604.0
       Dungeon | 100.0 | 100.0 |   3.9 |  33.6 |  38.5 | 604.0
               +-------+-------+-------+-------+-------+----------------------

Table legend:
 A = Kills in this place as a percentage of kills in entire the game.
 B = Kills by you in this place as a percentage of kills by you in the entire game.
 C = Kills by friends in this place as a percentage of kills by friends in the entire game.
 D = Other kills in this place as a percentage of other kills in the entire game.
 E = Experience gained in this place as a percentage of experience gained in the entire game.
 F = Experience gained in this place divided by the number of levels of this place that you have seen.
                   A       B       C       D       E      F
               +-------+-------+-------+-------+-------+----------------------
         Total | 100.0 | 100.0 |   N/A |   N/A | 100.0 |  19.5
       Dungeon | 100.0 | 100.0 |   N/A |   N/A | 100.0 |  19.5
               +-------+-------+-------+-------+-------+----------------------
